 Dungeon Crawl Stone Soup version 0.19.1-1-g22dce08 (webtiles) character file.

791 sveltemanboy the Caller (level 7, -16/50 HPs)
             Began as a Black Draconian Summoner on Dec 28, 2016.
             Demolished by an ogre
             ... wielding a +0 giant club
              (30 damage)
             ... on level 5 of the Dungeon.
             The game lasted 00:12:02 (4525 turns).

sveltemanboy the Caller (Black Draconian Summoner)  Turns: 4525, Time: 00:12:03

Health: -16/50     AC:  8    Str: 11    XL:     7   Next: 57%
Magic:  10/10      EV: 12    Int: 17    God:
Gold:   178        SH:  0    Dex: 11    Spells: 4 memorised, 1 level left

rFire  + . .     SeeInvis .     h - +1 whip (freeze)
rCold  x . .     Gourm    .     (armour unavailable)
rNeg   . . .     Faith    .     (no shield)
rPois  .         Spirit   .     (helmet restricted)
rElec  +         Reflect  .     i - +1 cloak
rCorr  .         Harm     .     (no gloves)
MR     .....                    (no boots)
Stlth  +++.......               x - amulet of regeneration
                                w - ring of stealth
                                v - ring of fire

@: lethally poisoned (-16 -> -16)
A: breathe lightning, unfitting armour, electricity resistance, cold-blooded, AC
+6
a: Breathe Lightning


You were on level 5 of the Dungeon.
You were hungry.

You visited 1 branch of the dungeon, and saw 5 of its levels.

You collected 178 gold pieces.

Inventory:

Hand Weapons
 h - a +1 whip of freezing (weapon)
Armour
 i - a +1 cloak (worn)
Jewellery
 v - a ring of fire (left hand)
 w - a ring of stealth (right hand)
 x - an amulet of regeneration (around neck)
Wands
 g - a wand of slowing (40/48)
Scrolls
 j - 4 scrolls of teleportation
 o - 2 scrolls of fear
 p - a scroll of enchant armour
 r - a scroll of recharging
 s - a scroll of remove curse
Potions
 c - a potion of curing
 e - a potion of resistance
 f - a potion of degeneration {unknown}
 l - a potion of agility {unknown}
 u - a potion of heal wounds {unknown}
Books
 a - a book of Callings

   Spells                             Type                      Level
   a - Summon Small Mammal            Summoning                    1
   b - Call Imp                       Summoning                    2
   c - Call Canine Familiar           Summoning                    3
   d - Summon Guardian Golem          Hexes/Summoning              3
   e - Summon Lightning Spire         Summoning/Air                4
   f - Summon Ice Beast               Ice/Summoning                4
 t - a book of Minor Magic

   Spells                             Type                      Level
   a - Magic Dart                     Conjuration                  1
   b - Blink                          Translocation                2
   c - Call Imp                       Summoning                    2
   d - Repel Missiles                 Charms/Air                   2
   e - Slow                           Hexes                        2
   f - Conjure Flame                  Conjuration/Fire             3
   g - Mephitic Cloud                 Conjuration/Poison/Air       3
Comestibles
 b - 2 bread rations
 d - a meat ration


   Skills:
 - Level 4.6 Maces & Flails
 - Level 1.7 Dodging
 - Level 1.7 Stealth
 - Level 2.0 Spellcasting
 - Level 2.2 Conjurations
 + Level 7.1 Summonings
 + Level 2.0 Air Magic
 + Level 1.6 Poison Magic


You had one spell level left.
You knew the following spells:

 Your Spells              Type           Power        Failure   Level  Hunger
b - Call Imp              Summ           ####....     1%          2    ###....
c - Call Canine Familiar  Summ           ####....     3%          3    ###....
d - Magic Dart            Conj           #...         10%         1    #......
e - Mephitic Cloud        Conj/Pois/Air  #.......     30%         3    ###....


Dungeon Overview and Level Annotations

Branches:
Dungeon (5/15)
 Temple: D:4-7

Altars:
Elyvilon
Gozag
Okawaru
Vehumet


Innate Abilities, Weirdness & Mutations

You can breathe wild blasts of lightning.
Your glossy black scales are hard. (AC +6)
You cannot fit into any form of body armour.
You are resistant to electric shocks. (rElec)
You are cold-blooded and may be slowed by cold attacks.


Message History

You hit the crimson imp. You freeze the crimson imp.
The crimson imp is moderately wounded.
You feel sick.
The crimson imp hits you but does no damage.
The ogre closely misses you. The crimson imp barely misses you.
You barely miss the ogre.
The ogre is lightly wounded.
The crimson imp blinks!
The crimson imp hits you but does no damage.
You hit the ogre. You freeze the ogre.
The ogre is heavily wounded.
You feel sick. The crimson imp barely misses you. The ogre misses you.
You hit the ogre. You freeze the ogre.
The ogre is heavily wounded.
The crimson imp hits you but does no damage.
Space bends around you.
* * * LOW HITPOINT WARNING * * *
The crimson imp barely misses you. The ogre hits you with a giant club!!
Ouch! That really hurt!
You die...

#.##### # #.##.....#.#
#.##.....#.# ...........
#.##.....# .# #
#.##..(..# #.# . #
#.#.##.....# #.# ...
...##.#.##.....####.##...
.....§5O@5...†.......#...
.......5######.####..#...
........................#
.......########.##......#
....... #..#......#
....... ##.#.......
....... #.#.......
....... #.........
....... ##........


You could see an ogre and 3 crimson imps.

Vanquished Creatures
  The ghost of terep12 the Carver, a novice MiBe of Trog (D:4)
  2 ogres
  A crimson imp (D:5)
  A hound (D:4)
  An orc wizard (D:4)
  A hound skeleton (D:4)
  2 adders (D:2)
  2 oozes
  An adder skeleton (D:4)
  2 dart slugs
  2 leopard geckos
  9 orcs
  5 bats
  2 giant cockroaches
  8 hobgoblins
  4 jackals
  3 quokkas
  A ball python (D:1)
  3 frilled lizards
  4 goblins
  7 kobolds
  A leopard gecko skeleton (D:4)
  3 rats (D:1)
66 creatures vanquished.

Vanquished Creatures (collateral kills)
  The ghost of terep12 the Slasher, an amateur MiBe of Trog (D:3)
  2 big kobolds (D:3)
  A scorpion (D:5)
  An orc priest (D:4)
  2 adders
  5 gnolls
  2 oozes (D:3)
  A worm (D:4)
  4 orcs
  2 goblins (D:2)
  3 hobgoblins (D:3)
  3 jackals (D:2)
  A frilled lizard (D:1)
  4 kobolds
  A rat (D:3)
33 creatures vanquished.

Grand Total: 99 creatures vanquished

Notes
Turn   | Place    | Note
-------+----------+-------------------------------------------
     0 | D:1      | sveltemanboy the Draconian Summoner began the quest for the Orb.
     0 | D:1      | Reached XP level 1. HP: 14/14 MP: 3/3
   522 | D:1      | Reached XP level 2. HP: 16/20 MP: 3/5
   547 | D:1      | Learned a level 2 spell: Call Imp
  1287 | D:2      | Reached skill level 1 in Maces & Flails
  1289 | D:2      | Reached XP level 3. HP: 11/26 MP: 0/6
  1616 | D:2      | Reached skill level 5 in Summonings
  1711 | D:2      | Learned a level 3 spell: Call Canine Familiar
  1892 | D:2      | Reached XP level 4. HP: 33/33 MP: 7/7
  2403 | D:3      | Found a radiant altar of Vehumet.
  2436 | D:3      | Noticed terep12's ghost (amateur MiBe)
  2463 | D:3      | Killed terep12's ghost
  2463 | D:3      | Reached XP level 5. HP: 13/38 MP: 0/8
  2697 | D:3      | Found an opulent altar of Gozag.
  2819 | D:3      | Found a white marble altar of Elyvilon.
  2938 | D:3      | Reached skill level 6 in Summonings
  2963 | D:3      | Reached XP level 6. HP: 33/45 MP: 7/9
  3214 | D:3      | Found an iron altar of Okawaru.
  3461 | D:4      | Learned a level 1 spell: Magic Dart
  3537 | D:4      | Noticed terep12's ghost (novice MiBe)
  3658 | D:4      | Reached skill level 1 in Conjurations
  3792 | D:4      | Killed terep12's ghost
  3792 | D:4      | Your scales start taking on a glossy black colour.
  3792 | D:4      | Reached XP level 7. HP: 45/50 MP: 3/10
  3792 | D:4      | Gained mutation: You are resistant to electric shocks. (rElec) [Black Draconian growth]
  3797 | D:4      | Learned a level 3 spell: Mephitic Cloud
  4363 | D:5      | Entered Level 5 of the Dungeon
  4459 | D:5      | Reached skill level 1 in Air Magic
  4477 | D:5      | Reached skill level 7 in Summonings
  4477 | D:5      | Reached skill level 1 in Poison Magic
  4525 | D:5      | Demolished by an ogre

Skill      XL: |  1  2  3  4  5  6  7 |
---------------+----------------------+-----
Maces & Flails | 1 2 3 4 |  4.6
Summonings     | 5 6 7 |  7.1
Conjurations   | 2 |  2.2
Air Magic      | 2 |  2.0
Poison Magic   | 1 |  1.6
Dodging        | |  1.7
Stealth        | |  1.7
Spellcasting   | |  2.0

Action                   |  1- 3 |  4- 6 |  7- 9 || total
-------------------------+-------+-------+-------++-------
Melee: Unarmed           |    37 |       |       ||    37
       Tailslap          |     8 |    16 |     9 ||    33
       Whip              |    45 |   157 |    72 ||   274
 Cast: Summon Small Mamm |    13 |     3 |       ||    16
       Call Imp          |     4 |    23 |       ||    27
       Call Canine Famil |       |     9 |     1 ||    10
       Mephitic Cloud    |       |       |     1 ||     1
 Abil: Breathe Lightning |       |       |     1 ||     1
  Use: Potion            |       |     1 |       ||     1
       Scroll            |       |       |     9 ||     9
 Stab: Sleeping          |     2 |     2 |     1 ||     5
       Confused          |       |       |     1 ||     1
  Eat: Chunk             |     3 |     9 |     1 ||    13
       Pizza             |       |       |     1 ||     1
Armor: Skin              |    32 |    49 |    26 ||   107
Dodge: Dodged            |    65 |    86 |    54 ||   205
